 Dungeon Crawl Stone Soup version 0.29.1-13-g9f3cf754e1 (webtiles) character file.

Game seed: 9308210888612910912

928 croobank the Sneak (level 8, 0/51 HPs)
             Began as an Octopode Summoner on Feb 8, 2023.
             Slain by an ogre
             ... wielding a +0 giant club
              (20 damage)
             ... on level 4 of the Dungeon.
             The game lasted 00:19:49 (7160 turns).

croobank the Sneak (Octopode Summoner)              Turns: 7160, Time: 00:19:50

Health: 0/51       AC:  1    Str:  8    XL:     8   Next: 11%
Magic:  6/14       EV: 14    Int: 25    God:
Gold:   261        SH:  0    Dex: 12    Spells: 2/15 levels left

rFire   . . .      SeeInvis .   d - +0 dagger (speed)
rCold   . . .      Faith    .   (no shield)
rNeg    . . .      Spirit   .   (helmet restricted)
rPois   .          Reflect  .   (no amulet)
rElec   .          Harm     .   a - +6 ring of intelligence
rCorr   .          Rampage  .   (no ring)
Will    .....                   (no ring)
Stlth   ++++......              (no ring)
HPRegen 0.17/turn               (no ring)
MPRegen 0.14/turn               (no ring)
                                (no ring)
                                (no ring)

@: no status effects
A: almost no armour, amphibious, 8 rings, camouflage 1, gelatinous body 1,
(nimble swimmer 1), tentacles
a: no special abilities


You were on level 4 of the Dungeon.
You visited 1 branch of the dungeon, and saw 6 of its levels.

You collected 305 gold pieces.
You spent 44 gold pieces at shops.

Inventory:

Hand Weapons
 b - a +0 sling
 d - a +0 dagger of speed (weapon)
 f - a +0 hand axe
 g - a +0 dagger
 j - a +1 flail of holy wrath
 n - a +3 quarterstaff of chaos
Missiles
 m - 2 poisoned darts
 A - a throwing net
Jewellery
 a - a +6 ring of intelligence (left tentacle)
 p - a ring of fire
 y - an amulet of regeneration
Wands
 w - a wand of quicksilver (11)
 z - a wand of flame (18)
Scrolls
 i - 3 scrolls of teleportation
 l - a scroll of enchant weapon {unknown}
 s - a scroll of poison
Potions
 c - 2 potions of haste
 e - 3 potions of might
 h - a potion of ambrosia
 k - a potion of flight
 o - 2 potions of heal wounds
 r - 3 potions of curing
 u - a potion of brilliance {unknown}
 x - a potion of lignification {unknown}


   Skills:
 * Level 2.6 Fighting
 + Level 4.3 Dodging
 + Level 6.3 Stealth
 + Level 4.1 Spellcasting
 + Level 1.7 Hexes
 + Level 5.6 Summonings
 + Level 1.4 Air Magic


You had 2 spell levels left.
You knew the following spells:

 Your Spells              Type           Power      Damage    Failure   Level
a - Summon Small Mammal   Summ           100%       N/A       1%          1
b - Call Imp              Summ           33%        N/A       1%          2
c - Call Canine Familiar  Summ           33%        N/A       2%          3
d - Summon Guardian Gole  Hex/Summ       23%        N/A       6%          3
e - Summon Lightning Spi  Summ/Air       22%        N/A       21%         4

Your spell library contained the following spells:

 Spells                   Type           Power      Damage    Failure   Level
 Ensorcelled Hibernation  Hex/Ice        18%        N/A       10%         2
 Dazzling Flash           Conj/Hex       18%        N/A       19%         3
 Spider Form              Tmut/Pois      5%         N/A       26%         3
 Anguish                  Hex/Necr       4%         N/A       54%         4
 Silence                  Hex/Air        6%         N/A       78%         5
 Agony                    Necr           5%         N/A       94%         5


Dungeon Overview and Level Annotations

Branches:
Dungeon (6/15)
 Temple: D:4-7

Altars:
Dithmenos

Shops:
D:6 *


Innate Abilities, Weirdness & Mutations

You cannot wear most types of armour.
You are amphibious.
You can wear up to eight rings at the same time.
Your skin changes colour to match your surroundings (Stealth+).
Your rubbery body absorbs attacks. (AC +1, EV +1)
((You are camouflaged when in or above water. (Stealth+)))
You have tentacles for arms and can constrict up to eight enemies at once.


Message History

Where to? (Enter - D:3 @ (x,y), ? - help)
There is an open translucent door here.
You see here a +0 cloak.
You see here a +0 robe.
There is a stone staircase leading down here.
You climb downwards.
There is a stone staircase leading up here.
There are monsters nearby!
The helpless ogre fails to defend itself.
You puncture the ogre!
The ogre is heavily wounded.
The ogre hits you with a +0 giant club!
You hit the ogre but do no damage. Your squeeze misses the ogre.
The ogre is heavily wounded.
The ogre misses you.
You climb upwards.
There is a stone staircase leading down here.
Casting: Summon Small Mammal (safe; 1% risk of failure)
Confirm with . or Enter, or press ? or * to list all spells.
The ogre hits you with a +0 giant club!
You see here a +0 short sword.
The ogre attacks as you move away! The ogre closely misses you.
Your hound bites the ogre.
Your hound barely misses the ogre.
Casting: Call Canine Familiar (dangerous; 2% risk of failure)
Confirm with . or Enter, or press ? or * to list all spells.
A guardian golem appears, shielding your allies.
The ogre attacks as you move away! The ogre closely misses you.
Your hound barely misses the ogre.
Casting: Summon Guardian Golem (dangerous; 6% risk of failure)
Confirm with . or Enter, or press ? or * to list all spells.
A shadowy apparition takes form in the air.
Your hound closely misses the ogre.
The ogre barely misses you.
Your hound bites the ogre.
Your hound barely misses the ogre.
Your shadow imp barely misses the ogre.
Your hound bites the ogre.
Casting: Call Imp (safe; 1% risk of failure)
Confirm with . or Enter, or press ? or * to list all spells.
The ogre attacks as you move away!
The ogre hits you with a +0 giant club!!
You die...

## .# .# .#
.# #######
############
#r.@O.#
...........#
#.###9#
........##.#
#.# #.#
############
#####9###
.....#
#.5h..#
####.# #####
#.#)#.#
.....# #..)#
#..>#.#
##.### #...#
#.#.#.# ##.#
#...#
#.#.#.###


You could see an ogre (ally target), a friendly guardian golem (summoned) and a
friendly rat (summoned, sheltered).

Vanquished Creatures
  Sigmund (D:4)
  Natasha (D:3)
  A white imp (D:4)
  An ufetubus (D:4)
  A dart slug (D:1)
  2 orcs
  A ball python (D:4)
  An endoplasm (D:3)
  A giant cockroach (D:3)
  4 goblins
  2 hobgoblins
  A quokka (D:1)
  A bat (D:3)
  A frilled lizard (D:3)
  2 kobolds
  A rat (D:3)
22 creatures vanquished.

Vanquished Creatures (collateral kills)
  2 phantoms
  A scorpion (D:5)
  A jelly (D:5)
  Crazy Yiuf (D:4)
  Jessica (D:2)
  Terence (D:3)
  2 iguanas
  Natasha (twice) (D:3)
  Robin (D:3)
  4 gnolls (D:4)
  6 adders
  A white imp (D:4)
  2 dart slugs (D:1)
  2 orcs (D:3)
  3 endoplasms
  3 giant cockroaches
  11 goblins
  5 hobgoblins
  4 jackals (D:5)
  2 kobolds (D:1)
  A quokka (D:4)
  6 ball pythons
  6 bats
  5 frilled lizards
  A rat (D:1)
74 creatures vanquished.

Vanquished Creatures (others)
  Edmund (D:4)
1 creature vanquished.

Grand Total: 97 creatures vanquished

Notes
Turn   | Place    | Note
-------+----------+-------------------------------------------
     0 | D:1      | croobank the Octopode Summoner began the quest for the Orb.
     0 | D:1      | Reached XP level 1. HP: 11/11 MP: 3/3
   123 | D:1      | Reached skill level 3 in Stealth
   123 | D:1      | Reached XP level 2. HP: 14/17 MP: 3/5
   145 | D:1      | Learned a level 2 spell: Call Imp
   562 | D:1      | Reached XP level 3. HP: 20/21 MP: 1/6
   566 | D:1      | Learned a level 3 spell: Call Canine Familiar
  1028 | D:1      | Found a faded altar of an unknown god.
  1320 | D:2      | Reached XP level 4. HP: 27/27 MP: 3/7
  1376 | D:2      | Noticed Jessica
  1380 | D:2      | Killed Jessica
  1381 | D:2      | Reached skill level 4 in Stealth
  2033 | D:3      | Noticed Natasha
  2045 | D:3      | Killed Natasha
  2046 | D:3      | Reached XP level 5. HP: 18/31 MP: 2/9
  2264 | D:3      | You fall into a shaft and drop 3 floors!
  2264 | D:6      | Found Ogienk's General Store.
  2269 | D:6      | Noticed a lemure
  2277 | D:6      | Bought a potion of might for 44 gold pieces
  2289 | D:5      | Entered Level 5 of the Dungeon
  2304 | D:5      | Noticed a phantom
  2350 | D:5      | Killed a phantom
  2642 | D:5      | Reached skill level 5 in Stealth
  2642 | D:5      | Reached skill level 5 in Summonings
  2642 | D:5      | Reached XP level 6. HP: 36/36 MP: 5/10
  3357 | D:5      | Learned a level 3 spell: Summon Guardian Golem
  3657 | D:3      | Reached XP level 7. HP: 41/41 MP: 5/12
  3728 | D:3      | Noticed Natasha
  3735 | D:3      | Killed Natasha
  3834 | D:3      | Noticed Terence
  3890 | D:3      | Killed Terence
  3976 | D:3      | Noticed Robin
  3996 | D:3      | Reached skill level 1 in Fighting
  4000 | D:3      | Killed Robin
  4221 | D:3      | Learned a level 4 spell: Summon Lightning Spire
  4582 | D:3      | Noticed Natasha
  4589 | D:3      | Killed Natasha
  5567 | D:4      | Found a shadowy altar of Dithmenos.
  5807 | D:4      | Reached skill level 1 in Hexes
  6503 | D:4      | Noticed Sigmund
  6508 | D:4      | Killed Sigmund
  6509 | D:4      | Reached skill level 6 in Stealth
  6509 | D:4      | Reached skill level 1 in Air Magic
  6556 | D:4      | Noticed Edmund
  6587 | D:4      | Killed Edmund
  6588 | D:4      | Reached XP level 8. HP: 51/51 MP: 4/14
  7024 | D:4      | Found a runed translucent door.
  7025 | D:4      | Noticed Crazy Yiuf
  7041 | D:4      | Killed Crazy Yiuf
  7160 | D:4      | Slain by an ogre

Illustrated notes

Levels and vault maps discovered:
D:1:      giann_wishing_wells, layout_rooms,
          hellmonk_ecumenical_altar_heavens_door, minmay_quantized
D:2:      layout_basic, minmay_pentomino_s2, uniq_jessica
D:3:      layout_loops_corners, dk_noncrumbling_2, uniq_natasha, uniq_robin,
          uniq_terence
D:4:      layout_basic, kennysheep_mini, serial_rivers,
          chequers_serial_rivers_small_a, chequers_serial_rivers_marsh,
          chequers_serial_rivers_small_a, chequers_serial_rivers_small_b,
          sigmund_edmund_badplayer, uniq_crazy_yiuf_cottage
D:5:      layout_basic, temple_hall, minmay_shop_damaged
D:6:      layout_loops_cross, serial_shops, shop, gammafunk_ghost_necromancy,
          uniq_pikel

Skill      XL: |  1  2  3  4  5  6  7 |
---------------+----------------------+-----
Stealth        | 3 4 5 6 |  6.3
Dodging        | 3 4 |  4.3
Spellcasting   | 3 4 |  4.1
Summonings     | 5 |  5.6
Fighting       | 2 |  2.6
Hexes          | 1 |  1.7
Air Magic      | 1 |  1.4

Action                   |  1- 3 |  4- 6 |  7- 9 || total
-------------------------+-------+-------+-------++-------
Melee: Unarmed           |     4 |       |       ||     4
       Constrict         |     1 |     2 |     6 ||     9
       Tentacles         |     1 |     2 |     2 ||     5
       Dagger            |     2 |    20 |    30 ||    52
 Cast: Summon Small Mamm |    30 |    21 |    27 ||    78
       Call Imp          |    12 |    16 |    13 ||    41
       Call Canine Famil |     7 |    20 |    18 ||    45
       Summon Guardian G |       |       |     5 ||     5
       Summon Lightning  |       |       |     1 ||     1
  Use: Scroll            |       |     1 |    13 ||    14
       Potion            |       |     1 |       ||     1
 Stab: Sleeping          |     1 |     2 |     8 ||    11
       Distracted        |       |     1 |       ||     1
Armor: Skin              |       |     2 |     2 ||     4
Dodge: Dodged            |    11 |    14 |    20 ||    45
